 Dungeon Crawl Stone Soup version 0.19.5 (webtiles) character file.

48 Inarius the Skirmisher (level 3, -3/33 HPs)
             Began as a Minotaur Fighter on Apr 19, 2017.
             Killed by nerve-wracking pain
             ... invoked by Grinder
              (5 damage)
             ... while paralysed by Grinder
             ... on level 3 of the Dungeon.
             The game lasted 00:04:44 (1491 turns).

Inarius the Skirmisher (Minotaur Fighter)           Turns: 1491, Time: 00:04:45

Health: -3/33      AC:  7    Str: 21    XL:     3   Next: 50%
Magic:  2/2        EV:  2    Int:  5    God:
Gold:   84         SH:  0    Dex:  9    Spells: 0 memorised, 2 levels left

rFire  . . .     SeeInvis .     a - +0 long sword
rCold  . . .     Gourm    .     b - +0 scale mail
rNeg   . . .     Faith    .     c - +0 shield
rPois  .         Spirit   .     (helmet restricted)
rElec  .         Reflect  .     (no cloak)
rCorr  .         Harm     .     (no gloves)
MR     .....                    (no boots)
Stlth  ..........               (no amulet)
                                j - -2 ring of evasion (curse)
                                m - ring of loudness (curse)

@: paralysed, glowing
A: retaliatory headbutt, horns 2
a: no special abilities


You were on level 3 of the Dungeon.
You were hungry.

You visited 1 branch of the dungeon, and saw 3 of its levels.

You collected 84 gold pieces.

Inventory:

Hand Weapons
 a - a +0 long sword (weapon)
Armour
 b - a +0 scale mail (worn)
 c - a +0 shield (worn)
Jewellery
 j - a cursed -2 ring of evasion (right hand)
 m - a cursed ring of loudness (left hand)
 u - a +4 ring of intelligence {unknown}
Wands
 k - a wand of disintegration (13/24)
Scrolls
 e - a scroll of fog
 i - a scroll of recharging {unknown}
 o - a scroll of magic mapping {unknown}
 q - 2 scrolls of amnesia
 s - a scroll of remove curse {unknown}
 t - 2 scrolls of identify
 w - a scroll of immolation {unknown}
Potions
 d - a potion of might
 g - 3 potions of lignification {unknown}
 h - a potion of magic {unknown}
 l - 2 potions of degeneration {unknown}
 p - a potion of curing
 r - a potion of ambrosia {unknown}
 v - a potion of cancellation {unknown}
Comestibles
 f - a bread ration


   Skills:
 + Level 4.3 Fighting
 + Level 3.0 Long Blades
 + Level 4.0 Armour
 + Level 0.1 Stealth
 + Level 4.2 Shields


You had 2 spell levels left.
You didn't know any spells.

Dungeon Overview and Level Annotations

Branches:
Dungeon (3/15)

Altars:
Xom
Zin

Annotations:
D:3 Grinder


Innate Abilities, Weirdness & Mutations

You reflexively headbutt those who attack you in melee.
You have a pair of horns on your head.


Message History

Grinder hits you.
You writhe in agony.
Grinder hits you but does no damage.
You hit Grinder.
Grinder is heavily wounded.
Grinder gestures at you. Pain shoots through your body!
* * * LOW HITPOINT WARNING * * *
You hit Grinder but do no damage. Your headbutt misses Grinder.
Grinder is heavily wounded.
Grinder gestures at you.
You suddenly lose the ability to move!
Grinder hits you but does no damage.
The angel explains the importance of purity of body and mind.
Grinder hits you but does no damage. Grinder hits you.
* * * LOW HITPOINT WARNING * * *
You writhe in agony.
* * * LOW HITPOINT WARNING * * *
Grinder gestures at you. Pain shoots through your body!
You die...

#.##..........
.#)......_.....#
## [.....#####...#
#........#...#...#
....#....#...#...#
.........#A..#..#
.##...#5.#####..#
.......@..._....#
......#...?....#
.........<###.##
.....####..# ####
...# #...# #....
#..#.. ...###.


You could see an angel and Grinder.

Vanquished Creatures
  2 adders (D:2)
  A dart slug (D:2)
  3 goblins
  3 hobgoblins
  2 jackals (D:1)
  2 quokkas (D:2)
  4 bats
  3 frilled lizards
  5 kobolds
  5 rats
30 creatures vanquished.

Notes
Turn   | Place    | Note
-------+----------+-------------------------------------------
     0 | D:1      | Inarius the Minotaur Fighter began the quest for the Orb.
     0 | D:1      | Reached XP level 1. HP: 19/19 MP: 0/0
   183 | D:1      | Reached XP level 2. HP: 27/27 MP: 1/1
   954 | D:2      | Reached XP level 3. HP: 33/33 MP: 2/2
  1222 | D:3      | Found a glowing silver altar of Zin.
  1222 | D:3      | Noticed an angel
  1222 | D:3      | Noticed Grinder
  1223 | D:3      | Found a shimmering altar of Xom.
  1234 | D:3      | Paralysed by Grinder for 5 turns
  1239 | D:2      | HP: 1/33 [poisoned by an adder]
  1480 | D:3      | Paralysed by Grinder for 4 turns
  1487 | D:3      | Paralysed by Grinder for 7 turns
  1491 | D:3      | Killed from afar by Grinder

Skill      XL: |  1  2  3 |
---------------+----------+-----
Fighting       | 4 |  4.3
Shields        | 4 |  4.2
Armour         | 4 |  4.0
Long Blades    | 3 |  3.0
Stealth        | |  0.1

Action                   || total
-------------------------++-------
Melee: Long sword        ||   101
       Headbutt          ||     6
  Use: Scroll            ||     2
       Potion            ||     3
  Eat: Chunk             ||     1
Armor: Scale mail        ||    67
Dodge: Dodged            ||    34
Block: Shield            ||    50
       Rpst.: Long sword ||     7
